 Dungeon Crawl Stone Soup version 0.24-a0-284-g9fb9971 (webtiles) character file.

Game seed: 17397428994542007399

139 Anon1729 the Slasher (level 5, -4/50 HPs)
             Began as a Naga Monk on May 4, 2019.
             Was a Believer of Okawaru.
             Slain by a river rat (9 damage)
             ... on level 3 of the Dungeon.
             The game lasted 00:03:00 (1960 turns).

Anon1729 the Slasher (Naga Monk)                    Turns: 1960, Time: 00:03:01

Health: -4/50      AC:  4    Str: 14    XL:     5   Next: 22%
Magic:  6/6        EV: 11    Int: 11    God:    Okawaru [**....]
Gold:   80         SH:  0    Dex: 13    Spells: 4/4 levels left

rFire    . . .     SeeInvis +   a - +0 falchion
rCold    . . .     Gourm    .   (no shield)
rNeg     . . .     Faith    .   b - +0 robe
rPois    +         Spirit   .   (no helmet)
rElec    .         Reflect  .   l - +0 cloak
rCorr    .         Harm     .   i - +0 pair of gloves
MR       .....                  (no barding)
Stlth    ++........             (no amulet)
HPRegen  0.16/turn              (no ring)
MPRegen  0.10/turn              (no ring)

@: short of breath, very slow
A: large, see invisible, deformed body, poison resistance, slowness 2, slow
metabolism 1, spit poison 1, AC +1
a: Spit Poison, Heroism, Renounce Religion


You were on level 3 of the Dungeon.
You worshipped Okawaru.
Okawaru was pleased with you.
You were not hungry.

You visited 1 branch of the dungeon, and saw 3 of its levels.

You collected 80 gold pieces.

Inventory:

Hand Weapons
 a - a +0 falchion (weapon)
 s - a +1 dagger of distortion
Armour
 b - a +0 robe (worn)
 i - a +0 pair of gloves (worn)
 l - a +0 cloak (worn)
Jewellery
 o - a cursed ring of poison resistance {unknown}
 p - an uncursed ring of magical power {unknown}
Scrolls
 e - a scroll of blinking {unknown}
 f - 3 scrolls of remove curse {unknown}
 g - 3 scrolls of amnesia {unknown}
 h - 2 scrolls of identify {unknown}
 j - a scroll of enchant weapon {unknown}
 k - 3 scrolls of fog {unknown}
 v - a scroll of teleportation {unknown}
Potions
 d - 2 potions of brilliance {unknown}
 m - a potion of curing {unknown}
 n - a potion of ambrosia {unknown}
 r - a potion of magic {unknown}
 t - a potion of cancellation {unknown}
 u - a potion of resistance {unknown}
Comestibles
 c - 5 rations
 q - 2 chunks of flesh


   Skills:
 + Level 3.6 Fighting
 * Level 4.0 Long Blades
 + Level 2.9 Dodging
 + Level 3.9 Stealth
 * Level 1.9 Invocations


You had 4 spell levels left.
You didn't know any spells.
Your spell library was empty.

Dungeon Overview and Level Annotations

Branches:
Dungeon (3/15)

Altars:
Dithmenos
Fedhas
Okawaru
Qazlal
Ru


Innate Abilities, Weirdness & Mutations

You cannot wear boots.
Your serpentine skin is tough. (AC +1)
You have supernaturally acute eyesight. (SInv)
Armour fits poorly on your strangely shaped body.
Your system is resistant to poisons. (rPois)
You cover ground very slowly.
You have a slow metabolism.
You can spit poison.


Message History

The river rat closely misses you. The river rat barely misses you.
You riposte.
You hit the river rat but do no damage.
The river rat is heavily wounded.
You closely miss the river rat.
The river rat is heavily wounded.
The river rat bites you!
You hit the river rat.
The river rat is almost dead.
The river rat bites you.
* * * LOW HITPOINT WARNING * * *
Press: ? - help, Shift-Dir - straight line, f - river rat
Aim: a river rat (almost dead)
The splash of poison misses the river rat.
You feel slightly more hungry. The river rat bites you!
* * * LOW HITPOINT WARNING * * *
You aren't carrying any items that you can evoke.
You barely miss the river rat.
The river rat is almost dead.
The river rat bites you!
You die...

...........#...###....#.#......#
.....##..#######≈######≈###....#.
.......... ≈≈≈ #≈≈≈##......
.....###..## ≈≈≈ #≈≈≈###...#.
.....# ##... #≈# ##≈## ....#
.##..# ##..# # #≈# #≈# .....#
.............. #≈# #≈###.....
.....####..#.###r## ##≈####.....
.###.#.....#..#≈@≈####≈≈≈# #.....
.###.#.....#..#≈≈≈≈≈†≈≈≈≈# ......
..........<...##≈######≈##
.........#.....### ###
........##..##.####
..................#
..................#..
.........÷...........
.....................


You could see a river rat.

Vanquished Creatures
  A hound (D:3)
  3 adders
  A river rat (D:3)
  An ooze (D:1)
  2 worms (D:3)
  2 dart slugs (D:1)
  4 leopard geckos
  5 bats
  6 giant cockroaches
  4 hobgoblins
  6 jackals
  6 kobolds
  A ball python (D:2)
  A frilled lizard (D:2)
  4 goblins
  8 rats
55 creatures vanquished.

Notes
Turn   | Place    | Note
-------+----------+-------------------------------------------
     0 | D:1      | Anon1729 the Naga Monk began the quest for the Orb.
     0 | D:1      | Reached XP level 1. HP: 21/21 MP: 1/1
   201 | D:1      | Reached XP level 2. HP: 28/28 MP: 2/2
   501 | D:1      | Reached XP level 3. HP: 6/34 MP: 3/3
   958 | D:1      | Found an iron altar of Okawaru.
   978 | D:1      | Became a worshipper of Warmaster Okawaru
   978 | D:1      | Reached * piety under Okawaru
   978 | D:1      | Reached ** piety under Okawaru
  1397 | D:2      | Found a stormy altar of Qazlal.
  1401 | D:2      | Found a blossoming altar of Fedhas.
  1406 | D:2      | Found a sacrificial altar of Ru.
  1492 | D:2      | Found a shadowy altar of Dithmenos.
  1500 | D:2      | Reached XP level 4. HP: 30/42 MP: 4/4
  1603 | D:2      | Reached skill level 1 in Invocations
  1720 | D:3      | Reached skill level 4 in Long Blades
  1919 | D:3      | Reached XP level 5. HP: 48/49 MP: 6/6
  1960 | D:3      | Slain by a river rat

Levels and vault maps discovered:
D:1:      minmay_arrival_radiant_lines, layout_loops_cross, hex_tiny,
          kennysheep_another_room, okawaru_ov_weapons_minmay
D:2:      layout_rooms, overflow_temple_1_default,
          minmay_overflow_temple_star_quad, first_ration
D:3:      layout_basic, gup_sewer_entry_bubbles, uniq_crazy_yiuf_cottage

Skill      XL: |  1  2  3  4 |
---------------+-------------+-----
Invocations    | 1 |  1.9
Long Blades    | 4 |  4.0
Fighting       | |  3.6
Dodging        | |  2.9
Stealth        | |  3.9

Action                   |  1- 3 |  4- 6 || total
-------------------------+-------+-------++-------
Melee: Falchion          |   114 |    75 ||   189
 Abil: Spit Poison       |       |     4 ||     4
 Stab: Sleeping          |     5 |     1 ||     6
  Eat: Chunk             |     1 |     2 ||     3
Armor: Robe              |    29 |    28 ||    57
Dodge: Dodged            |    67 |    39 ||   106
       Rpst.: Falchion   |    17 |    13 ||    30

Table legend:
 A = Non-vault XP
 B = Vault XP
 C = Vault XP percentage of total XP
 D = Non-vault monster count
 E = Vault monster count
 F = Vault count percentage of total count
                 A         B        C        D         E       F
            +---------+---------+-------+---------+---------+-------
      Total |     162 |      37 |  18.6 |      50 |       5 |   9.1
            +---------+---------+-------+---------+---------+-------
        D:1 |      45 |       0 |   0.0 |      20 |       0 |   0.0
        D:2 |      45 |       0 |   0.0 |      20 |       0 |   0.0
        D:3 |      72 |      37 |  33.9 |      10 |       5 |  33.3
            +---------+---------+-------+---------+---------+-------
